 Dungeon Crawl Stone Soup version 0.19.4-9-g45fd643 (webtiles) character file.

156 empire the Poker (level 5, -2/38 HPs)
             Began as a Demonspawn Gladiator on Feb 17, 2017.
             Slain by an ogre
             ... wielding a +0 giant spiked club
              (8 damage)
             ... on level 4 of the Dungeon.
             The game lasted 00:04:28 (2211 turns).

empire the Poker (Demonspawn Gladiator)             Turns: 2211, Time: 00:04:28

Health: -2/38      AC:  6    Str: 16    XL:     5   Next: 15%
Magic:  5/5        EV: 11    Int: 10    God:
Gold:   141        SH:  0    Dex: 13    Spells: 0 memorised, 4 levels left

rFire  . . .     SeeInvis .     a - +1 trident
rCold  . . .     Gourm    .     e - +0 ring mail
rNeg   . . .     Faith    .     (no shield)
rPois  +         Spirit   .     c - +0 helmet
rElec  .         Reflect  .     (no cloak)
rCorr  .         Harm     .     (no gloves)
MR     .....                    (no boots)
Stlth  +.........               (no amulet)
                                (no ring)
                                r - ring of poison resistance

@: very slightly contaminated, invisible
A: talons 1, spiny 1
a: no special abilities


You were on level 4 of the Dungeon.
You were very hungry.

You visited 1 branch of the dungeon, and saw 4 of its levels.

You collected 141 gold pieces.

Inventory:

Hand Weapons
 a - a +1 trident (weapon)
Missiles
 d - 3 throwing nets (quivered)
Armour
 c - a +0 helmet (worn)
 e - a +0 ring mail (worn)
Jewellery
 r - a ring of poison resistance (left hand)
Scrolls
 i - a scroll of remove curse {unknown}
 k - 2 scrolls of immolation {unknown}
 m - a scroll of amnesia {unknown}
 n - a scroll of recharging {unknown}
 s - 3 scrolls of teleportation
Potions
 g - a potion of curing
 h - a potion of resistance {unknown}
 q - a potion of agility
 t - 2 potions of cure mutation
Comestibles
 b - 2 meat rations
 f - 3 bread rations
 j - 2 beef jerkies


   Skills:
 - Level 2.0 Fighting
 + Level 4.1 Polearms
 * Level 3.7 Throwing
 - Level 2.6 Dodging


You had 4 spell levels left.
You didn't know any spells.

Dungeon Overview and Level Annotations

Branches:
Dungeon (4/15)
 Temple: D:4-7

Altars:
Ashenzari


Innate Abilities, Weirdness & Mutations

You have sharp toenails.
You are partially covered in sharp spines.


Message History

You feel sick. The ogre closely misses you.
Unknown command.
You feel better.
You hit the ogre but do no damage.
The ogre is heavily wounded.
The ogre hits you with a giant spiked club!
* * * LOW HITPOINT WARNING * * *
Unknown command.
Okay, then.
You fade into invisibility!
The ogre closely misses you.
You are very lightly contaminated with residual magic.
Attack whom?
Press: ? - help, Dir - move target cursor, f - ogre
Aim: an ogre, wielding a giant spiked club (moderately wounded)
You reach to attack!
You hit the ogre.
The ogre is heavily wounded.
The ogre is struck by your spines.
The ogre hits you with a giant spiked club!
You die...

,,....#....#...#......,,,,,,,,,,*
,,.........#...#........,,,,,,,,*
******#....#...#........,,,,,,,,*
,,,,* #....#...#.....[..,,,,,,,,*
,**,* ##.#.†...........,,,,,,,,,*
,,*,*###.#...........#****,,,,,**
,,*,*#..............####***,****
,,*,*#..................,,,,,*
,,,,...........O@.......,,,,,*
,,*,##..................,,,,,*
,,,,...#[...............,,,,,*
.,,,...#.#.....####.<...,,,,,****
..####.#.##.......######***,,,,,,
.......#..............##****,,,,,
........................,,,,,,,,,
......................#*****,,,,,
......<...............# *,,,,,


You could see an ogre.

Vanquished Creatures
  A scorpion (D:4)
  4 adders
  An ooze (D:3)
  2 worms
  3 dart slugs
  A leopard gecko (D:2)
  2 orcs (D:3)
  8 goblins
  6 hobgoblins
  A quokka (D:2)
  3 ball pythons
  5 bats
  6 frilled lizards
  8 kobolds
  9 rats
60 creatures vanquished.

Notes
Turn   | Place    | Note
-------+----------+-------------------------------------------
     0 | D:1      | empire the Demonspawn Gladiator began the quest for the Orb.
     0 | D:1      | Reached XP level 1. HP: 16/16 MP: 1/1
    81 | D:1      | Gained mutation: You are partially covered in sharp spines. [demonic ancestry]
    81 | D:1      | Reached XP level 2. HP: 19/22 MP: 2/2
   167 | D:1      | Reached skill level 3 in Polearms
   731 | D:2      | Found a shattered altar of Ashenzari.
   860 | D:2      | Gained mutation: You have sharp toenails. [demonic ancestry]
   860 | D:2      | Reached XP level 3. HP: 26/27 MP: 3/3
  1136 | D:2      | Reached XP level 4. HP: 33/33 MP: 4/4
  2184 | D:4      | Noticed an ogre
  2194 | D:4      | Reached skill level 4 in Polearms
  2194 | D:4      | Reached XP level 5. HP: 35/38 MP: 5/5
  2211 | D:4      | Slain by an ogre

Skill      XL: |  1  2  3  4 |
---------------+-------------+-----
Throwing       | 2 3 |  3.7
Polearms       | 3 4 |  4.1
Fighting       | |  2.0
Dodging        | |  2.6

Action                   |  1- 3 |  4- 6 || total
-------------------------+-------+-------++-------
Melee: Trident           |    83 |    42 ||   125
       Kick              |     7 |    12 ||    19
  Use: Scroll            |       |     7 ||     7
       Potion            |       |     2 ||     2
  Eat: Chunk             |     1 |     2 ||     3
Armor: Leather armour    |     8 |       ||     8
       Ring mail         |    18 |     7 ||    25
Dodge: Dodged            |    46 |    24 ||    70
